 Dungeon Crawl Stone Soup version 0.30.1-11-g7821555f0a (webtiles) character file.

Game seed: 11138884070524982020

839 lonewolfV2 the Fighter (level 8, -1/72 HPs)
             Began as a Formicid Fighter on Nov 10, 2023.
             Slain by Grinder (6 damage)
             ... on level 5 of the Dungeon.
             The game lasted 00:05:00 (4224 turns).

lonewolfV2 the Fighter (Formicid Fighter)           Turns: 4224, Time: 00:05:01

Health: -1/72      AC:  6    Str: 24    XL:     8   Next: 19%
Magic:  8/8        EV:  9    Int:  7    God:
Gold:   234        SH:  7    Dex: 13    Spells: 7/7 levels left

rFire   . . .        a - +0 war axe
rCold   . . .        m - +2 buckler
rNeg    . . .        b - +0 scale mail
rPois   .            (helmet unavailable)
rElec   .            (no cloak)
rCorr   .            (no gloves)
SInv    +            (no boots)
Will    .....        (no amulet) Stlth
                     (no ring)
HPRegen 0.32/turn    (no ring)
MPRegen 0.11/turn

%: no passive effects
@: no status effects
A: permanent stasis, dig shafts and tunnels, antennae 3, four strong arms
a: Dig, Shaft Self


You were on level 5 of the Dungeon.
You visited 1 branch of the dungeon, and saw 5 of its levels.

You collected 234 gold pieces.

Inventory:

Hand Weapons
 a - a +0 war axe (weapon)
Armour
 b - a +0 scale mail (worn)
 m - a +2 buckler (worn)
Jewellery
 c - a ring of protection from cold
Wands
 i - a wand of flame (15)
Scrolls
 h - a scroll of amnesia
 k - 2 scrolls of fear
Potions
 d - 4 potions of might
 e - a potion of flight {unknown}
 f - a potion of curing
 j - a potion of attraction {unknown}
 l - 2 potions of magic {unknown}
 n - 2 potions of haste {unknown}
 o - a potion of degeneration {unknown}


   Skills:
 + Level 10.1 Fighting
 - Level 2.0 Axes
 - Level 3.2 Armour
 - Level 4.0 Shields


You had 7 spell levels left.
You didn't know any spells.
Your spell library contained the following spells:

 Spells                   Type           Power      Damage    Failure   Level
 Sting                    Tmut/Pois      0%         1d3       80%         1
 Poisonous Vapours        Pois/Air       0%         N/A       90%         2
 Olgreb's Toxic Radiance  Pois           0%         N/A       100%        4
 Discord                  Hex            0%         N/A       100%        8
 Ignition                 Fire           0%         3d3       100%        8


Dungeon Overview and Level Annotations

Branches:
Dungeon (5/15)             Temple (0/1) D:5

Altars:
Hepliaklqana
Nemelex Xobeh
Ru

Annotations:
D:5 Grinder


Innate Abilities, Weirdness & Mutations

You cannot be hasted, slowed, berserked, paralysed or teleported.
You can dig through walls and to a lower floor.
You have a pair of large antennae on your head. (SInv)
Your four strong arms can wield two-handed weapons with a shield.


Message History

Menkaure seems to speed up.
Menkaure calls on the powers of darkness!
Your body is wracked with pain!
Grinder hits you.
You writhe in agony.
You hit Grinder.
Grinder is lightly wounded.
Menkaure gestures at you while chanting.
You struggle to resist.
Grinder blinks!
Grinder blinks!
Menkaure hums a few words.
Menkaure hits you!!
* * * LOW HITPOINT WARNING * * *
You slash Menkaure!
Menkaure is heavily damaged.
You block Menkaure's attack.
Menkaure calls on the powers of darkness!
Your body is wracked with pain!
* * * LOW HITPOINT WARNING * * *
You slash Menkaure!
Menkaure is severely damaged.
Menkaure hits you.
* * * LOW HITPOINT WARNING * * *
You block Menkaure's attack.
It was a potion of curing.
You feel better.
Grinder blinks!
You block Menkaure's attack.
You slash Menkaure!
You destroy Menkaure!
Your Fighting skill increases to level 10!
You feel better.
Things that are here:
a +0 heavy mace; a +0 ring mail You barely miss Grinder.
Grinder hits you!
* * * LOW HITPOINT WARNING * * *
You writhe in agony.
* * * LOW HITPOINT WARNING * * *
You barely miss Grinder. Grinder hits you.
* * * LOW HITPOINT WARNING * * *
You writhe in agony.
* * * LOW HITPOINT WARNING * * *
Grinder hits you.
You die...

. ##....# ..
.....#######
.....##...........
..............8.8.
..... .........⌠.⌠
....###......8.>.
...##.......⌠.⌠
###.##......8.8.
###....@.)........
#....<.5#.........
###.#...##.#######
#.....#..#
####..#.## $..#.
#...#. ....#.
##.#.#


You could see Grinder.

Vanquished Creatures
  Sigmund (D:2)
  Menkaure (D:5)
  An ice beast (D:4)
  Blork the orc (D:4)
  A jelly (D:3)
  Crazy Yiuf (D:3)
  3 orc priests (D:3)
  A sleepcap (D:3)
  Ijyb (D:3)
  Natasha (thrice) (D:2)
  4 adders
  A gnoll (D:2)
  5 dart slugs
  8 orcs
  3 ball pythons
  6 bats
  6 endoplasms
  2 giant cockroaches (D:2)
  3 goblins
  2 hobgoblins
  4 jackals (D:1)
  2 quokkas
  5 frilled lizards
  6 kobolds
  3 rats (D:1)
74 creatures vanquished.

Notes
Turn   | Place    | Note
-------+----------+-------------------------------------------
     0 | D:1      | lonewolfV2 the Formicid Fighter began the quest for the
                  | Orb.
     0 | D:1      | Reached XP level 1. HP: 18/18 MP: 1/1
   159 | D:1      | Reached XP level 2. HP: 15/25 MP: 2/2
   307 | D:1      | Reached skill level 4 in Fighting
   551 | D:1      | Reached XP level 3. HP: 31/31 MP: 3/3
   559 | D:1      | Found a faded altar of an unknown god.
   978 | D:2      | Noticed Sigmund
   998 | D:2      | Killed Sigmund
   999 | D:2      | Reached skill level 6 in Fighting
   999 | D:2      | Reached XP level 4. HP: 25/41 MP: 4/4
   999 | D:2      | Reached XP level 5. HP: 29/47 MP: 5/5
   999 | D:2      | Reached XP level 6. HP: 33/53 MP: 6/6
  1058 | D:2      | Noticed Natasha
  1064 | D:2      | Killed Natasha
  1065 | D:2      | Reached skill level 7 in Fighting
  1225 | D:2      | Noticed Natasha
  1234 | D:2      | Killed Natasha
  1492 | D:2      | Noticed Natasha
  1499 | D:2      | Killed Natasha
  1752 | D:3      | Reached skill level 8 in Fighting
  1757 | D:3      | Reached XP level 7. HP: 43/62 MP: 7/7
  1781 | D:3      | HP: 3/62 [orc priest/+0 whip (3)]
  2039 | D:3      | Noticed Ijyb
  2047 | D:3      | Killed Ijyb
  2348 | D:3      | Found a runed translucent door.
  2349 | D:3      | Noticed Crazy Yiuf
  2559 | D:3      | Found a hazy altar of Hepliaklqana.
  2559 | D:3      | Found a sacrificial altar of Ru.
  2688 | D:3      | Killed Crazy Yiuf
  3055 | D:4      | Reached skill level 9 in Fighting
  3292 | D:4      | Found a sparkling altar of Nemelex Xobeh.
  3708 | D:4      | Noticed Blork the orc
  3725 | D:4      | Killed Blork the orc
  3726 | D:4      | Reached XP level 8. HP: 9/72 MP: 8/8
  4198 | D:5      | Entered Level 5 of the Dungeon
  4204 | D:5      | Found a staircase to the Ecumenical Temple.
  4204 | D:5      | Noticed Menkaure
  4204 | D:5      | Noticed Grinder
  4217 | D:5      | Killed Menkaure
  4218 | D:5      | Reached skill level 10 in Fighting
  4224 | D:5      | Slain by Grinder

Illustrated notes

Levels and vault maps discovered:
D:1:      dpeg_arrival_houses_and_road, layout_basic,
          ebering_ecumenical_altar_sacrificial, ebering_dispersal_statue_hall,
          minmay_fountain_box, serial_bayou_pond_d, minmay_stone_trees_medium,
          minmay_misc_feat_alley, chequers_serial_rivers_micro_e,
          serial_bayou_pond_a
D:2:      minmay_chambers_of_ones, layout_basic, nrook_mini_vaults,
          uniq_natasha, uniq_sigmund
D:3:      layout_loops_ring, nicolae_overflow_two_pavilions, minivault_19,
          nicolae_half_adder, uniq_crazy_yiuf_cottage, uniq_ijyb
D:4:      layout_basic, nemelex_altar_shiori, uniq_blork_the_orc
D:5:      layout_basic, minmay_temple_entry_statues_fountains, minivault_4,
          uniq_pikel, uniq_menkaure, uniq_eustachio, uniq_grinder

Skill      XL: |  1  2  3  4  5  6  7  8 |
---------------+-------------------------+-----
Fighting       | 4 6 8 9 10 | 10.1
Axes           | |  2.0
Armour         | |  3.2
Shields        | |  4.0

Action                     |  1- 3 |  4- 6 |  7- 9 || total
---------------------------+-------+-------+-------++-------
  Melee: War axe           |    60 |    67 |   108 ||   235
    Use: Scroll            |     5 |     1 |     2 ||     8
         Potion            |       |       |     2 ||     2
 Armour: Scale mail        |    43 |    36 |    33 ||   112
  Dodge: Dodged            |    38 |    43 |    39 ||   120
  Block: Buckler           |    24 |    26 |    39 ||    89
